 Dungeon Crawl Stone Soup version 0.29-a0-2-g12fcac58f8 (webtiles) character file.

Game seed: 2019145367532067242

157 HallandMoats the Ruffian (level 5, -2/47 HPs)
             Began as a Ghoul Monk on Jan 27, 2022.
             Slain by an ice beast (7 damage)
             ... on level 3 of the Dungeon.
             The game lasted 00:03:18 (2867 turns).

HallandMoats the Ruffian (Ghoul Monk)               Turns: 2867, Time: 00:03:19

Health: -2/47      AC:  5    Str: 15    XL:     5   Next: 38%
Magic:  5/5        EV: 11    Int:  7    God:
Gold:   144        SH:  0    Dex: 11    Spells: 4/4 levels left

rFire   + . .      SeeInvis .     - Unarmed
rCold   + . .      Faith    .   (no shield)
rNeg    + + +      Spirit   .   b - +0 ring mail
rPois   ∞          Reflect  .   (no helmet)
rElec   .          Harm     .   (no cloak)
rCorr   .          Rampage  .   (no gloves)
Will    .....                   (no boots)
Stlth   +.........              (no amulet)
HPRegen 0.00/turn               d - ring of protection from fire
MPRegen 0.09/turn               (no ring)

@: inhibited regen
A: claws 1, cold resistance 1, negative energy resistance 3, inhibited
regeneration, torment resistance 2
a: no special abilities


You were on level 3 of the Dungeon.
You visited 1 branch of the dungeon, and saw 3 of its levels.

You collected 144 gold pieces.

Inventory:

Armour
 b - a +0 ring mail (worn)
Jewellery
 d - a ring of protection from fire (left claw)
Wands
 i - a wand of charming (6)
Scrolls
 c - 3 scrolls of teleportation
 m - 2 scrolls of vulnerability
Potions
 h - a potion of curing {unknown}
 j - a potion of brilliance {unknown}
 l - a potion of invisibility {unknown}


   Skills:
 * Level 4.4 Fighting
 + Level 1.3 Armour
 + Level 3.2 Dodging
 - Level 2.1 Stealth
 * Level 4.4 Unarmed Combat
 + Level 1.8 Invocations


You had 4 spell levels left.
You didn't know any spells.
Your spell library contained the following spells:

 Spells                   Type           Power      Damage    Failure   Level
 Sandblast                Erth           0%         2d4       65%         1
 Passwall                 Tmut/Erth      0%         N/A       80%         2
 Static Discharge         Conj/Air       0%         N/A       80%         2
 Stone Arrow              Conj/Erth      0%         3d7       95%         3
 Lightning Bolt           Conj/Air       0%         1d11      100%        5
 Maxwell's Capacitive Co  Air            0%         ∞         100%        8


Dungeon Overview and Level Annotations

Branches:
Dungeon (3/15)

Altars:

Annotations:
D:3 Jessica


Innate Abilities, Weirdness & Mutations

You thrive by killing the living.
You are immune to poison.
You have sharp fingernails.
Your flesh is cold resistant. (rC+)
You are immune to negative energy. (rN+++)
You do not regenerate when monsters are visible.
You are immune to unholy pain and torment.


Message History

The ice beast is severely wounded.
Jessica closely misses your quokka.
Your quokka bites the ice beast but does no damage.
The ice beast hits your quokka. The ice beast freezes your quokka.
Your quokka dies!
Your quokka's corpse dissolves into shadows!
Your quokka closely misses Jessica.
Jessica hits your quokka with a +0 dagger.
Your quokka dies!
Your quokka's corpse dissolves into shadows!
Unknown command.
You scratch the ice beast.
The ice beast is severely wounded.
The ice beast hits you. The ice beast freezes you. You resist.
* * * LOW HITPOINT WARNING * * *
You barely miss the ice beast. Your claw misses the ice beast.
The ice beast is severely wounded.
Jessica barely misses you. The ice beast barely misses you.
You scratch the ice beast.
The ice beast is severely wounded.
Jessica hits you with a +0 dagger.
* * * LOW HITPOINT WARNING * * *
The ice beast hits you but does no damage.
Jessica casts a spell.
Jessica blinks!
You closely miss the ice beast.
The ice beast is severely wounded.
A bat comes into view.
Jessica mumbles some strange words.
Jessica blinks!
The ice beast hits you.
* * * LOW HITPOINT WARNING * * *
The ice beast freezes you. You resist.
* * * LOW HITPOINT WARNING * * *
Found a stone staircase leading down.
There is a stone staircase leading down here.
This is a scroll of acquirement!
Something appears at your feet! The ice beast hits you.
* * * LOW HITPOINT WARNING * * *
The ice beast freezes you! You resist.
You die...

#.# #.....$. #.# #.#
#...... #.# #.# #[#.§.
#.# #.# ....# #.# # #.#
#..# ###.## #.#.#####..#
# #..... #r#.#......# #.
#.#.##
#.....###.#####.###
#.#... ###.###
#..Y@.....# #.####
#....########.#.######.#
####.# #......)†#.# #
###.####.#.####
#.#).........
###...#........ #.#
####....###.#.#### #.#
#........#..#.#### #.#
#.##.#............


You could see an ice beast.

Vanquished Creatures
  An orc priest (D:3)
  2 orc wizards (D:3)
  3 adders (D:2)
  A white imp (D:3)
  2 dart slugs
  6 orcs (D:3)
  4 endoplasms
  7 hobgoblins
  2 quokkas (D:1)
  A ball python (D:1)
  2 bats (D:1)
  5 kobolds
  A rat (D:3)
37 creatures vanquished.

Vanquished Creatures (others)
  2 demonspawn (D:1)
  2 octopodes (D:1)
  An elf (D:1)
  A troll (D:1)
  2 merfolk (D:1)
  A formicid (D:1)
  3 felids (D:1)
  17 tentacles (D:1)
29 creatures vanquished.

Grand Total: 66 creatures vanquished

Notes
Turn   | Place    | Note
-------+----------+-------------------------------------------
     0 | D:1      | HallandMoats the Ghoul Monk began the quest for the Orb.
     0 | D:1      | Reached XP level 1. HP: 19/19 MP: 0/0
     0 | D:1      | Noticed a felid
     0 | D:1      | Noticed a merfolk
     0 | D:1      | Noticed an elf
     0 | D:1      | Noticed a demonspawn
     0 | D:1      | Noticed an octopode
     0 | D:1      | Noticed a troll
     0 | D:1      | Noticed a formicid
     0 | D:1      | Noticed a demonspawn
     0 | D:1      | Noticed a kraken
     0 | D:1      | Noticed a felid
     0 | D:1      | Noticed a merfolk
     0 | D:1      | Noticed an octopode
     0 | D:1      | Noticed a felid
     3 | D:1      | Killed a demonspawn
     4 | D:1      | Killed a formicid
     5 | D:1      | Killed a merfolk
     9 | D:1      | Killed an octopode
    10 | D:1      | Killed an elf
    12 | D:1      | Killed a merfolk
    17 | D:1      | Killed a felid
    18 | D:1      | Killed an octopode
    19 | D:1      | Killed a felid
    21 | D:1      | Killed a troll
    26 | D:1      | Killed a felid
    27 | D:1      | Killed a demonspawn
   616 | D:1      | Reached XP level 2. HP: 26/26 MP: 1/1
  1526 | D:2      | Reached XP level 3. HP: 33/33 MP: 2/2
  1819 | D:2      | Found a faded altar of an unknown god.
  1896 | D:2      | HP: 1/33 [adder (2)]
  1920 | D:2      | Reached skill level 1 in Invocations
  2148 | D:3      | Reached XP level 4. HP: 31/40 MP: 3/3
  2239 | D:3      | Reached skill level 1 in Armour
  2437 | D:3      | Reached XP level 5. HP: 38/46 MP: 5/5
  2796 | D:3      | Noticed an ice beast
  2847 | D:3      | Noticed Jessica
  2867 | D:3      | Identified a scroll of acquirement
  2867 | D:3      | Acquired the ring of Maonod {MP+9 Str+5 SInv}
  2867 | D:3      | Slain by an ice beast

Illustrated notes

Levels and vault maps discovered:
D:1:      nicolae_arrival_kraken_aquarium_a, layout_basic,
          minmay_misc_feat_hallway, minmay_pentomino_w4
D:2:      layout_rooms, shapermc_ecumenical_altar_hornbeckon, serial_aquarium,
          aquarium_bridge_straight [aquarium_subvault_bridge,
          aquarium_subvault_wall, aquarium_subvault_bridge,
          aquarium_subvault_wall], aquarium_window_3, aquarium_window_1,
          aquarium_window_corner, aquarium_window_corner, aquarium_view_2d,
          aquarium_view_2b, aquarium_balcony_double_1, aquarium_pool_2,
          grunt_decor_cap
D:3:      layout_loops_ring, uniq_jessica

Skill      XL: |  1  2  3  4 |
---------------+-------------+-----
Invocations    | 1 |  1.8
Dodging        | 3 |  3.2
Unarmed Combat | 4 |  4.4
Fighting       | 4 |  4.4
Armour         | 1 |  1.3
Stealth        | |  2.1

Action                   |  1- 3 |  4- 6 || total
-------------------------+-------+-------++-------
Melee: Unarmed           |   102 |    67 ||   169
       Punch             |     1 |     1 ||     2
  Use: Potion            |     1 |       ||     1
       Scroll            |       |     7 ||     7
 Stab: Sleeping          |     3 |       ||     3
Armor: Robe              |     4 |       ||     4
       Ring mail         |    35 |     9 ||    44
Dodge: Dodged            |    79 |    25 ||   104

Table legend: (Time is in decaauts)
 A = Elapsed time spent in this place.
 B = Non-inter-level travel time spent in this place.
 C = Inter-level travel time spent in this place.
 D = Time resting spent in this place.
 E = Time spent auto-exploring this place.
 F = Levels seen in this place.
 G = Mean time per level.
                   A        B        C        D        E       F      G
               +--------+--------+--------+--------+--------+-----+--------+
         Total |   2861 |   2744 |    117 |    232 |   2149 |   3 |  953.7 |
       Dungeon |   2861 |   2744 |    117 |    232 |   2149 |   3 |  953.7 |
               +--------+--------+--------+--------+--------+-----+--------+

Top non-repeatable levels by time:
     D:1: 1159 daAuts
     D:2: 961 daAuts
     D:3: 740 daAuts
